 Dungeon Crawl Stone Soup version 0.28.0-43-g3370ac3207 (webtiles) character file.

Game seed: 12610912570186574543

6869 Peloso the Carver (level 10, -3/91 HPs)
             Began as a Minotaur Fighter on Mar 18, 2022.
             Was an Elder of Okawaru.
             Slain by a two-headed ogre
             ... wielding a +0 giant club
              (19 damage)
             ... on level 9 of the Dungeon.
             The game lasted 00:14:27 (7242 turns).

Peloso the Carver (Minotaur Fighter)                Turns: 7242, Time: 00:14:27

Health: -3/91      AC: 12    Str: 23    XL:     10   Next: 78%
Magic:  7/9        EV: 13    Int:  5    God:    Okawaru [****..]
Gold:   434        SH:  7    Dex: 12    Spells: 9/9 levels left

rFire   . . .      SeeInvis +   a - +1 long sword
rCold   . . .      Faith    .   c - +0 buckler
rNeg    . . .      Spirit   .   J - +2 scale mail {Will+}
rPois   .          Reflect  .   (helmet restricted)
rElec   .          Harm     .   (no cloak)
rCorr   +          Rampage  .   (no gloves)
Will    +....                   (no boots)
Stlth   ++........              l - amulet of regeneration
HPRegen 1.05/turn               y - ring of Garulyud {rCorr SInv}
MPRegen 0.11/turn               (no ring)

@: heroic
A: horns 2, retaliatory headbutt
a: Renounce Religion, Heroism, Finesse


You were on level 9 of the Dungeon.
You worshipped Okawaru.
Okawaru was greatly pleased with you.
You visited 2 branches of the dungeon, and saw 10 of its levels.

You collected 434 gold pieces.

Inventory:

Hand Weapons
 a - a +1 long sword (weapon)
 t - the +3 hand axe of the Smoking Pill Bug {venom, rF+ Stlth+}
   (You found it on level 3 of the Dungeon)

   It poisons the flesh of those it strikes.
   rF:        It protects you from fire.
   Stlth:     It makes you more stealthy.
Missiles
 I - 3 throwing nets (quivered)
Armour
 b - a +0 scale mail
 c - a +0 buckler (worn)
 g - a +0 cloak
 n - a +0 chain mail
 J - a +2 scale mail of willpower (worn)
Jewellery
 l - an amulet of regeneration (around neck)
 p - a ring of wizardry
 v - a ring of see invisible
 y - the ring of Garulyud (left hand) {rCorr SInv}
   (You found it on level 4 of the Dungeon)

   [ring of see invisible]

   SInv:      It lets you see invisible.
   rCorr:     It protects you from acid and corrosion.
Wands
 h - a wand of paralysis (9)
 k - a wand of acid (6)
 w - a wand of iceblast (9)
 D - a wand of polymorph (5)
Scrolls
 d - a scroll of identify
 e - 5 scrolls of teleportation
 f - 3 scrolls of fog
 i - 3 scrolls of enchant weapon
 j - 2 scrolls of magic mapping {unknown}
 r - 3 scrolls of amnesia
 s - 3 scrolls of noise {unknown}
 x - 2 scrolls of holy word {unknown}
 z - a scroll of silence {unknown}
 A - 3 scrolls of vulnerability {unknown}
 B - 2 scrolls of fear {unknown}
 C - a scroll of acquirement {unknown}
 F - a scroll of enchant armour {unknown}
 G - a scroll of blinking {unknown}
 H - a scroll of immolation
Potions
 m - a potion of curing
 o - 2 potions of might
 q - a potion of ambrosia {unknown}
 u - a potion of heal wounds {unknown}
 E - a potion of brilliance {unknown}
 K - a potion of invisibility {unknown}


   Skills:
 + Level 9.0(14.0) Fighting
 + Level 12.6(17.6) Long Blades
 + Level 10.7(15.7) Armour
 + Level 4.2(9.2) Dodging
 + Level 1.0(6.0) Stealth
 + Level 7.1(12.1) Shields
 + Level 1.1 Invocations
 + Level 1.1 Evocations


You had 9 spell levels left.
You didn't know any spells.
Your spell library contained the following spells:

 Spells                   Type           Power      Damage    Failure   Level
 Freeze                   Ice            0%         1d3       77%         1
 Frozen Ramparts          Ice            0%         1d2       98%         3
 Hailstorm                Conj/Ice       0%         3d3       100%        4
 Ice Form                 Ice/Tmut       0%         N/A       100%        4
 Summon Ice Beast         Ice/Summ       Unusable   N/A       N/A         4

Dungeon Overview and Level Annotations

Branches:
Dungeon (9/15)             Temple (1/1) D:6
   Lair: D:8-11         Orc: D:9-12

Altars:
Ashenzari
Cheibriados
Dithmenos
Elyvilon
Gozag
Hepliaklqana
Kikubaaqudgha
Makhleb
Okawaru
Qazlal
Xom
Zin

Shops:
D:5 (


Innate Abilities, Weirdness & Mutations

You have a pair of horns on your head.
You reflexively headbutt those who attack you in melee.


Message History

You see here a +0 flail.
Items here: )) [[ †.
o - 2 potions of might
Things that are here:
a +0 trident; a +0 chain mail HP restored.
Things that are here:
a +0 trident; an orc skeleton
Items here: ! ))) [[ ÷.
You enter the shallow water.
Moving in this stuff is going to be slow.
K - a sedimented coppery potion
Found a stone staircase leading up.
A two-headed ogre comes into view. It is wielding two +0 giant clubs.
A two-headed ogre is nearby!
You gain the combat prowess of a mighty hero.
The two-headed ogre hits you with a +0 giant club!! x2
You hit the two-headed ogre.
The two-headed ogre is lightly wounded.
The two-headed ogre hits you with a +0 giant club!!
* * * LOW HITPOINT WARNING * * *
The two-headed ogre hits you with a +0 giant club.
* * * LOW HITPOINT WARNING * * *
You slash the two-headed ogre! You headbutt the two-headed ogre!
The two-headed ogre is heavily wounded.
You slash the two-headed ogre!
The two-headed ogre is severely wounded.
The two-headed ogre misses you. The two-headed ogre closely misses you.
You slice the two-headed ogre!!
The two-headed ogre is almost dead.
You hit the two-headed ogre but do no damage.
The two-headed ogre is almost dead.
The two-headed ogre closely misses you.
The two-headed ogre hits you with a +0 giant club!
* * * LOW HITPOINT WARNING * * *
You hit the two-headed ogre.
Your headbutt misses the two-headed ogre.
The two-headed ogre is almost dead.
The two-headed ogre hits you with a +0 giant club!!
You die...

.§.§§§§§§§.)))...........<.>.#
##
#.#§.#########################
#. #.#..# .# #. #.#..# ###.#
#. #.#..# .<#.# #. #.#..#
#.#.# #####. #.#..# #.#.#
#####..... #.#..# #.###.#.#
#...P..... #.#..# #..O@...#
#.#.≈≈≈≈P. #... #####.###
#.#..≈≈≈≈# #.######.#.≈≈≈..#
#........#.≈≈.≈.#
##########......# ########


You could see a two-headed ogre.

Vanquished Creatures
  Harold (D:7)
  A skeletal warrior (D:8)
  Pikel (D:6)
  Joseph (D:8)
  Prince Ribbit (D:7)
  Sigmund (D:6)
  3 yaks
  A wyvern (D:7)
  Menkaure (D:5)
  2 steam dragons
  A water moccasin (D:7)
  Duvessa (D:7)
  2 orc warriors
  A swamp drake (D:9)
  A hornet zombie (D:6)
  A black bear (D:7)
  3 necrophages
  4 ogres
  3 centaurs
  4 lemures (D:6)
  2 kobold brigands
  3 bullfrogs
  A wyvern skeleton (D:5)
  Dowan (D:7)
  4 wights (D:8)
  A jelly (D:6)
  2 electric eels (D:8)
  6 howler monkeys (D:9)
  2 centaur zombies
  A bullfrog zombie (D:5)
  3 hounds
  2 bullfrog skeletons
  2 centaur skeletons
  A gnoll shaman (D:6)
  13 orc priests
  5 orc wizards
  3 iguanas
  A hound zombie (D:5)
  A howler monkey zombie (D:9)
  3 adders
  13 gnolls
  2 shadow imps
  2 ufetubi
  6 dart slugs
  42 orcs
  10 ball pythons
  3 bats
  5 endoplasms
  3 giant cockroaches
  6 goblins
  4 hobgoblins (D:1)
  9 jackals
  12 kobolds
  A quokka (D:4)
  5 frilled lizards
  A quokka skeleton (D:2)
  3 rats
218 creatures vanquished.

Vanquished Creatures (others)
  An ogre (D:9)
  An orc (D:9)
2 creatures vanquished.

Grand Total: 220 creatures vanquished

Notes
Turn   | Place    | Note
-------+----------+-------------------------------------------
     0 | D:1      | Peloso the Minotaur Fighter began the quest for the Orb.
     0 | D:1      | Reached XP level 1. HP: 19/19 MP: 0/0
   249 | D:1      | Reached XP level 2. HP: 23/27 MP: 1/1
   750 | D:1      | Reached XP level 3. HP: 32/33 MP: 2/2
  1214 | D:2      | Reached skill level 3 in Long Blades
  1834 | D:3      | Reached XP level 4. HP: 40/40 MP: 3/3
  1943 | D:3      | Reached skill level 1 in Dodging
  2075 | D:3      | Identified the +3 hand axe of the Smoking Pill Bug {venom,
                  | rF+ Stlth+}
  2187 | D:3      | Reached skill level 4 in Long Blades
  2187 | D:3      | Reached XP level 5. HP: 24/47 MP: 4/4
  2514 | D:4      | Noticed an ogre
  2517 | D:4      | Killed an ogre
  2527 | D:4      | Reached skill level 5 in Long Blades
  2531 | D:4      | Identified the ring of Garulyud {rCorr SInv}
  2572 | D:4      | Reached XP level 6. HP: 52/53 MP: 5/5
  2576 | D:4      | Reached skill level 5 in Armour
  2852 | D:4      | Found a shadowy altar of Dithmenos.
  2876 | D:5      | Entered Level 5 of the Dungeon
  3044 | D:5      | Reached XP level 7. HP: 42/60 MP: 6/6
  3052 | D:5      | Reached skill level 5 in Fighting
  3052 | D:5      | Reached skill level 6 in Long Blades
  3170 | D:5      | Reached skill level 5 in Shields
  3258 | D:5      | Noticed Menkaure
  3271 | D:5      | Killed Menkaure
  3283 | D:5      | Reached skill level 7 in Long Blades
  3346 | D:5      | Found Beeme's Antique Weapon Boutique.
  3491 | D:5      | Reached XP level 8. HP: 65/69 MP: 7/7
  3682 | D:6      | Noticed Sigmund
  3691 | D:6      | Killed Sigmund
  3692 | D:6      | Reached skill level 8 in Long Blades
  3700 | D:6      | Found a staircase to the Ecumenical Temple.
  3723 | Temple   | Entered the Ecumenical Temple
  3820 | Temple   | Became a worshipper of Warmaster Okawaru
  4360 | D:6      | Reached skill level 9 in Long Blades
  4469 | D:7      | Noticed Pikel
  4650 | D:6      | Killed Pikel
  4650 | D:6      | Reached * piety under Okawaru
  4651 | D:6      | Reached XP level 9. HP: 32/77 MP: 8/8
  4875 | D:7      | Reached skill level 10 in Long Blades
  5084 | D:7      | Reached ** piety under Okawaru
  5130 | D:7      | Noticed Prince Ribbit
  5138 | D:7      | Killed Prince Ribbit
  5189 | D:7      | Noticed Harold
  5207 | D:7      | Killed Harold
  5208 | D:7      | Reached skill level 11 in Long Blades
  5208 | D:7      | Reached XP level 10. HP: 32/88 MP: 6/9
  5309 | D:7      | Noticed Duvessa
  5309 | D:7      | Noticed Dowan
  5314 | D:7      | Killed Duvessa
  5322 | D:7      | Killed Dowan
  5488 | D:7      | Reached *** piety under Okawaru
  5538 | D:8      | Reached skill level 1 in Evocations
  5671 | D:8      | Noticed Joseph
  5689 | D:8      | Killed Joseph
  5690 | D:8      | Reached skill level 10 in Armour
  5690 | D:8      | Reached skill level 1 in Stealth
  6151 | D:8      | Reached skill level 12 in Long Blades
  6266 | D:8      | Noticed a skeletal warrior
  6266 | D:8      | Noticed a skeletal warrior
  6266 | D:8      | Noticed a skeletal warrior
  6286 | D:8      | Killed a skeletal warrior
  6424 | D:9      | Reached skill level 1 in Invocations
  7002 | D:9      | Reached **** piety under Okawaru
  7233 | D:9      | Noticed a two-headed ogre
  7242 | D:9      | Slain by a two-headed ogre

Illustrated notes

Levels and vault maps discovered:
D:1:      scummos_arrival_hexagon, layout_basic
D:2:      layout_basic
D:3:      layout_basic
D:4:      layout_basic, marbit_many_paths
D:5:      layout_basic, serial_shops, nicolae_stop_n_shop_1, uniq_menkaure
D:6:      layout_basic, minmay_temple_entry_poolview, uniq_sigmund
D:7:      layout_rooms, uniq_harold, uniq_duvessa, uniq_pikel,
          uniq_prince_ribbit1
D:8:      layout_gridville, serial_bayou_lagoon_b, uniq_joseph
D:9:      hellmonk_ruined_rings, layout_basic, erik_orc_1, serial_undead,
          serial_undead_f, serial_undead_e, serial_undead_f, serial_undead_b
Temple:   mainiacjoe_temple_hex_bubbles

Skill      XL: |  1  2  3  4  5  6  7  8  9 10 |
---------------+-------------------------------+-----
Shields        | 4 5 6 7 |  7.1
Fighting       | 4 5 6 7 9 |  9.0
Armour         | 4 5 6 8 9 10 | 10.7
Long Blades    | 3 4 5 7 9 11 12 | 12.6
Dodging        | 1 2 3 4 |  4.2
Evocations     | 1 |  1.1
Stealth        | 1 |  1.0
Invocations    | 1 |  1.1

Action                   |  1- 3 |  4- 6 |  7- 9 | 10-12 || total
-------------------------+-------+-------+-------+-------++-------
Melee: Long sword        |    94 |    96 |   299 |   197 ||   686
       Headbutt          |     8 |    16 |    65 |    47 ||   136
Invok: Heroism           |       |       |     2 |     3 ||     5
Evoke: Wand              |       |     5 |     3 |     4 ||    12
  Use: Scroll            |       |       |       |     8 ||     8
       Potion            |       |       |       |     3 ||     3
Armor: Scale mail        |    44 |       |       |    45 ||    89
       Chain mail        |     4 |    45 |   141 |       ||   190
Dodge: Dodged            |    55 |    41 |   130 |    91 ||   317
Block: Buckler           |    21 |    17 |    98 |    34 ||   170
